 Dungeon Crawl Stone Soup version 0.27-a0-604-g29a88b33a7 (webtiles) character file.

Game seed: 8142103643230176549

205512 jasper the Devastator (level 17, -3/140 HPs)
             Began as a Demigod Conjurer on Mar 12, 2021.
             Killed from afar by an ice dragon (69 damage)
             ... with a blast of cold
             ... on level 1 of the Vaults.
             The game lasted 01:31:44 (48734 turns).

jasper the Devastator (Demigod Conjurer)           Turns: 48734, Time: 01:31:45

Health: -3/140     AC: 32    Str: 13 (15) XL:     17   Next: 42%
Magic:  3/36       EV: 10    Int: 45 (46) God:
Gold:   1040       SH:  4    Dex:  8 (12) Spells: 1/36 levels left

rFire    + + .     SeeInvis .   U - +7 broad axe "Tucrixev" {freeze, rN++ Will- Str+3 Int+4}
rCold    x . .     Faith    .   i - +0 buckler
rNeg     + + .     Spirit   .   S - +7 fire dragon scales
rPois    +         Reflect  .   s - +2 helmet
rElec    .         Harm     .   E - +2 cloak
rCorr    .         Rampage  .   m - +1 pair of gloves {archery}
Will     .....                  c - +2 pair of boots {Stlth+}
Stlth    +.........             K - amulet of regeneration
HPRegen  1.33/turn              T - +6 ring of intelligence
MPRegen  0.25/turn              I - ring of poison resistance

@: about to teleport
A: high mp 1, forlorn
}: 1/15 runes: gossamer
a: no special abilities


You were on level 1 of the Vaults.
You visited 5 branches of the dungeon, and saw 28 of its levels.
You visited the Abyss 1 time.
You also visited: Gauntlet.

You collected 3605 gold pieces.
You spent 2565 gold pieces at shops.

Inventory:

Hand Weapons
 U - the +7 broad axe "Tucrixev" (weapon) {freeze, rN++ Will- Str+3 Int+4}
   (You found it on level 10 of the Dungeon)

   It has been specially enchanted to freeze those struck by it, causing extra
   injury to most foes and up to half again as much damage against particularly
   susceptible opponents.
   It can also slow down cold-blooded creatures.
   It affects your strength (+3).
   It affects your intelligence (+4).
   It greatly protects you from negative energy.
   It affects your willpower, your defense against some magical effects.
 W - the +11 broad axe of the Pyrrhic Victory {venom, rElec rF+ Stlth-}
   (You found it on level 10 of the Dungeon)

   It poisons the flesh of those it strikes.
   It protects you from fire.
   It insulates you from electricity.
   It makes you less stealthy.
Missiles
 u - 3 throwing nets
Armour
 c - a +2 pair of boots of stealth (worn)
 i - a +0 buckler (worn)
 m - a +1 pair of gloves of archery (worn)
 s - a +2 helmet (worn)
 E - a +2 cloak (worn)
 S - +7 fire dragon scales (worn)
 Z - a +0 kite shield
Jewellery
 h - a ring of resist corrosion
 t - a ring of protection from cold
 F - an amulet of reflection
 I - a ring of poison resistance (left hand)
 K - an amulet of regeneration (around neck)
 L - a ring of protection from cold
 T - a +6 ring of intelligence (right hand)
Wands
 a - a wand of iceblast (20)
 k - a wand of charming (14)
 l - a wand of digging (14)
 v - a wand of flame (25)
 Q - a wand of acid (10)
 V - a wand of paralysis (9)
 X - a wand of polymorph (8)
Scrolls
 b - 2 scrolls of holy word
 f - a scroll of immolation
 j - a scroll of blinking
 o - 8 scrolls of amnesia
 x - 6 scrolls of teleportation
 y - 3 scrolls of fear
 D - a scroll of summoning
 J - 5 scrolls of enchant weapon
 M - 10 scrolls of identify
 O - 3 scrolls of fog
 P - 2 scrolls of magic mapping
 R - a scroll of torment
Potions
 d - 13 potions of curing
 e - 7 potions of lignification
 g - 2 potions of magic
 p - a potion of invisibility
 r - 5 potions of mutation
 w - 9 potions of attraction
 z - 4 potions of cancellation
 A - a potion of might
 B - 6 potions of brilliance
 C - 5 potions of ambrosia
 G - 11 potions of haste
 N - 2 potions of resistance
Miscellaneous
 n - a condenser vane (inert)
 q - a tin of tremorstones (inert)


   Skills:
 - Level 10.0 Fighting
 - Level 11.0 Armour
 - Level 8.4 Dodging
 - Level 1.7 Stealth
 - Level 4.0 Shields
 - Level 10.0 Spellcasting
 + Level 16.0 Conjurations
 - Level 5.0 Translocations
 + Level 15.3 Ice Magic
 - Level 4.0 Air Magic


You had one spell level left.
You knew the following spells:

 Your Spells              Type           Power      Damage    Failure   Level
a - Magic Dart            Conj           100%       1d8       0%          1
b - Searing Ray           Conj           100%       3d7       0%          2
c - Iskenderun's Mystic   Conj/Tloc      87%        2d17      1%          4
d - Mephitic Cloud        Conj/Pois/Air  70%        N/A       1%          3
e - Hailstorm             Conj/Ice       100%       3d20      1%          4
f - Freezing Cloud        Conj/Ice/Air   45%        6-21      7%          6
g - Ozocubu's Armour      Ice            100%       N/A       1%          3
h - Orb of Destruction    Conj           52%        9d16      6%          7
i - Metabolic Englaciati  Hex/Ice        37%        N/A       6%          5

Your spell library contained the following spells:

 Spells                   Type           Power      Damage    Failure   Level
 Freeze                   Ice            100%       1d11      0%          1
 Foxfire                  Conj/Fire      100%       2x1d9     1%          1
 Beastly Appendage        Tmut           44%        N/A       5%          1
 Summon Small Mammal      Summ           88%        N/A       5%          1
 Ensorcelled Hibernation  Hex/Ice        100%       N/A       1%          2
 Conjure Flame            Conj/Fire      76%        6-21      1%          3
 Dazzling Flash           Conj/Hex       100%       N/A       1%          3
 Frozen Ramparts          Ice            100%       1d12      1%          3
 Gell's Gravitas          Tloc           30%        N/A       1%          3
 Stone Arrow              Conj/Erth      100%       3d13      1%          3
 Fulminant Prism          Conj/Hex       38%        3d18      1%          4
 Iskenderun's Battlesphe  Conj           100%       2d15      1%          5
 Ice Form                 Ice/Tmut       75%        N/A       2%          4
 Summon Ice Beast         Ice/Summ       75%        N/A       2%          4
 Lightning Bolt           Conj/Air       42%        1d62      2%          5
 Corpse Rot               Necr/Air       N/A        N/A       3%          2
 Poisonous Vapours        Pois/Air       80%        N/A       3%          2
 Fireball                 Conj/Fire      38%        3d16      5%          5
 Irradiate                Conj/Tmut      38%        3d26      5%          5
 Call Imp                 Summ           22%        N/A       9%          2
 Slow                     Hex            22%        N/A       9%          2
 Wereblood                Tmut           22%        N/A       9%          2
 Call Canine Familiar     Summ           22%        N/A       16%         3
 Confusing Touch          Hex            22%        N/A       16%         3
 Spider Form              Tmut/Pois      11%        N/A       16%         3
 Summon Guardian Golem    Hex/Summ       22%        N/A       16%         3
 Bolt of Magma            Conj/Fire/Erth 31%        4d14      17%         5
 Summon Lightning Spire   Summ/Air       40%        N/A       24%         4
 Iron Shot                Conj/Erth      38%        9d8       30%         6
 Cause Fear               Hex            11%        N/A       47%         4
 Petrify                  Tmut/Erth      22%        N/A       47%         4
 Summon Forest            Summ/Tloc      22%        N/A       47%         5
 Silence                  Hex/Air        20%        N/A       54%         5
 Blade Hands              Tmut           11%        N/A       83%         5
 Summon Mana Viper        Hex/Summ       22%        N/A       83%         5
 Yara's Violent Unravell  Hex/Tmut       11%        3d6       83%         5
 Spellforged Servitor     Conj/Summ      38%        N/A       86%         7
 Eringya's Noxious Bog    Tmut/Pois      11%        N/A       100%        6
 Hydra Form               Tmut           11%        N/A       100%        6
 Shadow Creatures         Summ           N/A        N/A       100%        6
 Statue Form              Tmut/Erth      14%        N/A       100%        6
 Dragon Form              Tmut           11%        N/A       100%        7
 Summon Hydra             Summ           11%        N/A       100%        7
 Dragon's Call            Summ           11%        N/A       100%        9


Dungeon Overview and Level Annotations

Branches:
Dungeon (15/15)            Temple (0/1) D:6            Lair (6/6) D:11
  Swamp (0/4) Lair:2       Spider (4/4) Lair:2        Slime (0/5) Lair:6
    Orc (2/2) D:12            Elf (0/3) Orc:2        Vaults (1/5) D:14
 Depths (0/5) D:15        Gauntlet (visited)

Shops:
D:10 *   D:12 [   D:15 :*   Orc:2 [***!

Portals:
Hell: Lair:6

Annotations:
D:10 2 transporters, zarzak's ghost, journeyman DgFi
D:14 Roxanne
Spider:1 2 transporters, EonDragon20's ghost, journeyman DEEE
Spider:4 1 runed translucent door, 1 exclusion, Drazool's ghost, adept HOFi


Innate Abilities, Weirdness & Mutations

Your attributes grow dramatically as you level up.
You have an increased reservoir of magic. (+10% MP)
You shall have no god before yourself.


Message History

The searing ray hits the ironheart preserver!
You kill the ironheart preserver! (Press . to maintain the ray.)
The deep elf sorcerer is engulfed in poison gas.
The deep elf sorcerer looks even sicker.
You block the sun demon's attack.
The soul eater is engulfed in freezing vapours.
The deep elf sorcerer is engulfed in poison gas.
The deep elf sorcerer looks as sick as possible!
You kill the deep elf sorcerer!
The chaos spawn is engulfed in poison gas.
The chaos spawn looks even sicker.
The sun demon barely misses you.
The deep elf sorcerer is engulfed in poison gas.
The deep elf sorcerer looks even sicker.
You now have 2/36 mp.
Unknown command.
The deep elf sorcerer is engulfed in poison gas.
The deep elf sorcerer looks as sick as possible!
The deep elf sorcerer casts a spell.
The deep elf sorcerer seems to speed up.
You regained 2 hp, and now have 109/140 hp.
An ice dragon comes into view.
The ice dragon roars deafeningly!
The deep elf sorcerer is engulfed in poison gas.
The deep elf sorcerer looks as sick as possible!
You kill the deep elf sorcerer!
You feel your intelligence returning.
Your Conjurations skill increases to level 16!
The sun demon hits you!
You are engulfed in flames.
You resist.
You take 19 damage, and have 92/140 hp.
As you read the scroll of teleportation, it crumbles to dust.
You feel strangely unstable. The sun demon hits you!
You are engulfed in flames.
You resist.
You take 16 damage, and have 76/140 hp.
The sun demon hits you.
You are engulfed in flames.
You resist.
The soul eater draws from the surrounding life force!
The soul eater is healed.
The ice dragon breathes frost at you. The blast of cold hits you!!!
You feel a terrible chill!
You die...

#...#......#.......##.
#...#......#..)....##.
#.§.#).[...#......##.#
#.§°).4....#...)))')^.
#...#......#.....)'(..
#..e#.3e...#......#[).
#..3########......##.#
#..................##.
#...3@.............##.
#...................#.
#...D....###+#####..##
#........# ...#
#........# ....
#........# ...
#........# #........#
#........#


You could see an ice dragon (catching breath), a soul eater (summoned), a sun
demon (summoned) and a deep elf demonologist.

Vanquished Creatures
  2 tentacled starspawn (Abyss:2)
  Kirke (Spider:3)
  An orc warlord (Orc:1)
  2 deep elf sorcerers (Vaults:1)
  A caustic shrike zombie (D:15)
  A vault warden (Vaults:1)
  3 ghost moths (Spider:4)
  8 emperor scorpions
  An ironheart preserver (Vaults:1)
  The ghost of Ufefaer the Severer, a journeyman MiFi of Okawaru (Lair:4)
  Azrael (D:15)
  A dire elephant (Lair:6)
  2 entropy weavers
  A minotaur (Gauntlet)
  A fire dragon (D:10)
  The ghost of rednaxela the Archer, a journeyman BaBr of Okawaru (Lair:1)
  Josephine (D:15)
  A great orb of eyes (Abyss:2)
  5 hydras
  A rakshasa (Abyss:2)
  4 boulder beetles
  A vault guard (D:14)
  An ogre mage (Vaults:1)
  A catoblepas (D:15)
  6 centaur warriors
  10 two-headed ogres
  A tengu warrior (D:15)
  12 death yaks
  Urug (D:11)
  2 thrashing horrors (Abyss:2)
  3 orc high priests
  A hell knight (Abyss:2)
  A deep elf knight (D:12)
  A sixfirhy (Lair:6)
  2 skeletal warriors (D:15)
  A shadow wraith (Abyss:2)
  An unseen horror (Abyss:2)
  A spatial maelstrom (Abyss:2)
  A large abomination (Abyss:2)
  A flayed ghost (D:15)
  A glowing orange brain (Abyss:2)
  A deep elf archer (D:12)
  2 wizards
  A lindwurm (Lair:6)
  3 orc knights
  A necromancer (D:15)
  17 orb spiders
  A deep elf pyromancer (D:14)
  A harpy (shapeshifter) (D:15)
  12 ugly things
  A stone giant zombie (D:15)
  34 wolf spiders
  5 cyclopes
  6 orc sorcerers
  4 manticores
  4 moths of wrath
  3 elephants (Lair:4)
  A fire giant zombie (D:15)
  A smoke demon (Lair:6)
  Joseph (D:7)
  3 black mambas
  18 cane toads
  4 orange demons (Lair:6)
  4 gargoyles
  4 torpor snails
  3 kobold demonologists
  3 rime drakes
  16 komodo dragons
  An efreet (D:15)
  An ancient zyme (Abyss:2)
  10 demonic crawlers
  3 yaktaurs (Vaults:1)
  2 red devils (Lair:6)
  A queen bee (shapeshifter) (D:14)
  11 trolls
  3 meliai (D:13)
  3 polar bears
  37 jumping spiders
  20 hornets
  A tyrant leech (Abyss:2)
  14 blink frogs
  4 raiju (Abyss:2)
  6 slime creatures
  6 dream sheep
  35 tarantellas
  An air elemental (Abyss:2)
  6 shadows
  A ynoxinul (Abyss:2)
  85 redbacks
  10 wraiths
  A vampire (D:15)
  2 humans (Spider:3)
  8 wyverns
  4 fire elementals
  57 yaks
  5 hogs (Spider:3)
  5 basilisks
  2 steam dragons (D:10)
  Menkaure (D:5)
  6 swamp worms (Lair:2)
  An acid dragon (D:14)
  A human zombie (D:15)
  7 wargs
  3 small abominations (Abyss:2)
  4 hell hounds
  2 soldier ants
  19 water moccasins
  Duvessa (D:4)
  40 orc warriors
  2 sky beasts
  An ice beast (D:6)
  A black bear (D:11)
  8 necrophages
  An eye of draining (D:14)
  5 starcursed masses (Abyss:2)
  8 wolves
  24 ogres
  31 centaurs
  3 kobold brigands
  30 bullfrogs
  A gnoll sergeant (D:7)
  4 wyvern zombies
  11 scorpions
  Dowan (D:4)
  13 killer bees
  10 wights
  5 howler monkeys
  2 electric eels (Lair:3)
  2 quasits (Abyss:2)
  5 centaur zombies
  2 bullfrog zombies
  4 centaur skeletons
  5 jellies
  29 orc priests
  8 hounds
  4 bullfrog skeletons
  An iron imp (Abyss:2)
  14 iguanas
  10 worker ants
  31 orc wizards
  6 hell rats (Lair:3)
  An ogre zombie (D:4)
  3 hound skeletons
  A howler monkey zombie (D:7)
  2 worker ant zombies (D:6)
  A gnoll zombie (D:4)
  A howler monkey skeleton (D:6)
  12 adders
  7 gnolls
  5 shadow imps
  8 white imps
  3 ufetubi
  An ooze (D:2)
  2 adder zombies
  3 worms
  3 dart slugs
  5 leopard geckos
  75 orcs
  7 giant cockroaches
  10 goblins
  9 hobgoblins
  14 jackals
  17 kobolds
  5 quokkas
  3 ball pythons
  11 bats
  3 frilled lizards
  A jackal zombie (D:6)
  A leopard gecko skeleton (D:8)
  A leopard gecko zombie (D:6)
  A quokka zombie (D:6)
  3 rats
  2 starspawn tentacles (Abyss:2)
1176 creatures vanquished.

Vanquished Creatures (collateral kills)
  A redback (Spider:4)
1 creature vanquished.

Vanquished Creatures (others)
  A wolf spider (Spider:4)
  2 yaks (D:13)
  A centaur (D:15)
  35 fungi
  42 plants
  4 starspawn tentacles (Abyss:2)
  10 withered plants (D:15)
95 creatures vanquished.

Grand Total: 1272 creatures vanquished

Notes
Turn   | Place    | Note
-------+----------+-------------------------------------------
     0 | D:1      | jasper the Demigod Conjurer began the quest for the Orb.
     0 | D:1      | Reached XP level 1. HP: 14/14 MP: 5/5
   307 | D:1      | Reached skill level 4 in Conjurations
   415 | D:1      | Reached XP level 2. HP: 20/20 MP: 5/7
   797 | D:1      | Learned a level 2 spell: Searing Ray
  1274 | D:2      | Reached XP level 3. HP: 26/26 MP: 1/8
  1430 | D:2      | Reached skill level 5 in Conjurations
  2363 | D:3      | Reached XP level 4. HP: 33/33 MP: 5/9
  2986 | D:3      | Reached skill level 6 in Conjurations
  3149 | D:3      | Reached XP level 5. HP: 38/38 MP: 8/10
  3154 | D:3      | Learned a level 4 spell: Iskenderun's Mystic Blast
  3316 | D:4      | Noticed Dowan
  3334 | D:4      | Killed Dowan
  3435 | D:4      | Noticed Duvessa
  3503 | D:4      | Reached skill level 7 in Conjurations
  3503 | D:4      | Reached XP level 6. HP: 45/45 MP: 5/11
  3791 | D:4      | Found a transporter.
  3820 | D:5      | Entered Level 5 of the Dungeon
  3994 | D:5      | Noticed Menkaure
  4023 | D:5      | Killed Menkaure
  4024 | D:5      | Reached skill level 8 in Conjurations
  4024 | D:5      | Reached XP level 7. HP: 39/50 MP: 0/12
  4963 | D:6      | Reached skill level 9 in Conjurations
  5411 | D:6      | Reached XP level 8. HP: 50/57 MP: 8/13
  5584 | D:6      | Reached skill level 10 in Conjurations
  5686 | D:6      | Reached skill level 1 in Fighting
  5686 | D:6      | Reached skill level 1 in Translocations
  5742 | D:6      | Found a staircase to the Ecumenical Temple.
  6796 | D:7      | Noticed Joseph
  7351 | D:8      | Reached XP level 9. HP: 57/69 MP: 9/17
  8901 | D:9      | Noticed a two-headed ogre
  9049 | D:9      | Reached skill level 5 in Dodging
  9270 | D:9      | Killed a two-headed ogre
  9594 | D:7      | Reached XP level 10. HP: 67/80 MP: 11/21
  9843 | D:4      | Reached skill level 5 in Fighting
  9990 | D:4      | Killed Duvessa
  9991 | D:4      | Reached skill level 5 in Spellcasting
  9991 | D:4      | Reached skill level 5 in Translocations
 10352 | D:4      | Found a transporter.
 11058 | D:7      | Learned a level 3 spell: Mephitic Cloud
 11175 | D:7      | Killed Joseph
 12514 | D:10     | Entered Level 10 of the Dungeon
 12837 | D:10     | Learned a level 4 spell: Hailstorm
 12953 | D:10     | Noticed a two-headed ogre
 13079 | D:10     | Killed a two-headed ogre
 13245 | D:10     | Reached XP level 11. HP: 88/92 MP: 15/24
 13319 | D:10     | Noticed a fire dragon
 13328 | D:10     | Killed a fire dragon
 13343 | D:10     | Identified the +7 broad axe "Tucrixev" {freeze, rN++ Will-
                  | Str+3 Int+4}
 13344 | D:10     | Identified the +4 morningstar "Lod Nin" {vorpal, rC+ Dex+2}
 13351 | D:10     | Identified the +6 glaive of Insufficient Pleasure {freeze,
                  | Str+3}
 13698 | D:10     | Identified the +11 broad axe of the Pyrrhic Victory {venom,
                  | rElec rF+ Stlth-}
 13889 | D:10     | Found a transporter.
 13899 | D:10     | Noticed zarzak's ghost (journeyman DgFi)
 13900 | D:10     | Noticed an ice dragon
 13909 | D:10     | Found Inges's Serpentskin Sales.
 14033 | D:10     | Found a transporter.
 14190 | D:11     | Noticed Urug
 14207 | D:11     | Killed Urug
 14208 | D:11     | Reached skill level 1 in Armour
 15027 | D:11     | Identified the +3 ring mail of Mutualism {rElec rN+}
 15282 | D:11     | Found a staircase to the Lair.
 15861 | D:12     | Noticed a two-headed ogre
 15871 | D:12     | Killed a two-headed ogre
 16003 | D:12     | Reached XP level 12. HP: 106/106 MP: 1/27
 16014 | D:12     | Found Ytu Meo's Antique Armour Emporium.
 16179 | D:12     | Bought a buckler for 121 gold pieces
 16179 | D:12     | Bought a pair of runed gloves for 202 gold pieces
 16322 | D:12     | Found a staircase to the Orcish Mines.
 16492 | D:12     | Noticed a centaur warrior
 16492 | D:12     | Noticed a centaur warrior
 16508 | D:12     | Killed a centaur warrior
 16509 | D:12     | Reached skill level 10 in Fighting
 16510 | D:12     | Killed a centaur warrior
 16658 | D:12     | Reached skill level 1 in Shields
 16793 | Lair:1   | Entered Level 1 of the Lair of Beasts
 16878 | Lair:1   | Learned a level 6 spell: Freezing Cloud
 16882 | Lair:1   | Learned a level 3 spell: Ozocubu's Armour
 16947 | Lair:1   | Found a runed translucent door.
 17089 | Lair:1   | Noticed a four-headed hydra
 17096 | Lair:1   | Killed a four-headed hydra
 17584 | Lair:1   | Noticed rednaxela's ghost (journeyman BaBr)
 17855 | Lair:2   | Noticed a six-headed hydra
 17855 | Lair:2   | Noticed a four-headed hydra
 17857 | Lair:2   | HP: 1/106 [swamp worm (14)]
 17944 | Lair:2   | Found a hole to the Spider Nest.
 17969 | Lair:2   | Killed a six-headed hydra
 17970 | Lair:2   | Reached skill level 5 in Armour
 18010 | Lair:1   | Killed a four-headed hydra
 18524 | Lair:2   | Noticed an eight-headed hydra
 19305 | Lair:2   | Found a staircase to the Swamp.
 19849 | Lair:3   | Identified the Papyrus of Curses
 20650 | Lair:3   | Identified the +3 great sword of Ruasoq {flame, +Inv rPois
                  | rC- Str+4}
 21078 | Lair:3   | Reached XP level 13. HP: 58/113 MP: 3/29
 21774 | Lair:4   | Reached skill level 10 in Armour
 21975 | Lair:4   | Reached skill level 1 in Ice Magic
 22127 | Lair:4   | Found a runed translucent gate.
 22130 | Lair:4   | Found a runed translucent gate.
 22131 | Lair:4   | Found a runed translucent gate.
 22145 | Lair:4   | Noticed Ufefaer's ghost (journeyman MiFi)
 22503 | Lair:5   | Reached skill level 1 in Air Magic
 23624 | Lair:6   | Entered Level 6 of the Lair of Beasts
 23845 | Lair:5   | Reached skill level 5 in Ice Magic
 24099 | Lair:6   | Found a staircase to the Slime Pits.
 24717 | Lair:6   | Reached skill level 11 in Conjurations
 24739 | Lair:6   | Noticed a dire elephant
 24757 | Lair:6   | Killed a dire elephant
 24758 | Lair:6   | Reached XP level 14. HP: 16/121 MP: 2/30
 25323 | Lair:6   | Found a gateway to Hell.
 26276 | Orc:1    | Entered Level 1 of the Orcish Mines
 26604 | Orc:2    | Entered Level 2 of the Orcish Mines
 26620 | Orc:2    | Noticed an orc warlord
 26906 | Orc:1    | Killed an orc warlord
 27160 | Orc:2    | Found Sengymmuozi's Antique Armour Shop.
 27182 | Orc:2    | Found a staircase to the Elven Halls.
 27764 | Orc:2    | Found Zuqah's Assorted Antiques.
 27764 | Orc:2    | Found Ysauciakk's General Store.
 28228 | Orc:2    | Found Feakuegh's Assorted Antiques.
 28228 | Orc:2    | Found Guone's Distillery.
 28236 | Orc:2    | Bought a scroll of identify for 64 gold pieces
 28236 | Orc:2    | Bought a brown potion for 28 gold pieces
 28236 | Orc:2    | Bought a scroll of enchant armour for 240 gold pieces
 28465 | Orc:2    | Bought a potion of haste for 130 gold pieces
 28465 | Orc:2    | Bought 2 potions of heal wounds for 130 gold pieces
 28465 | Orc:2    | Bought a potion of heal wounds for 65 gold pieces
 28465 | Orc:2    | Bought a potion of curing for 39 gold pieces
 28465 | Orc:2    | Bought a potion of haste for 130 gold pieces
 28467 | Orc:2    | Bought a potion of curing for 42 gold pieces
 28467 | Orc:2    | Bought a potion of curing for 42 gold pieces
 28469 | Orc:2    | Bought a wand of acid (7) for 200 gold pieces
 28469 | Orc:2    | Bought a potion of curing for 75 gold pieces
 28469 | Orc:2    | Bought a potion of resistance for 250 gold pieces
 28469 | Orc:2    | Bought a scroll of fear for 87 gold pieces
 28692 | Orc:1    | Paralysed by an orc sorcerer for 2 turns
 28923 | D:13     | You fall into a shaft and drop 1 floor!
 28938 | D:13     | Reached skill level 12 in Conjurations
 28939 | D:13     | Reached skill level 10 in Ice Magic
 28979 | D:13     | Found a gate leading to a gauntlet.
 28986 | Gauntlet | Entered a Gauntlet
 28986 | Gauntlet | Found a transporter.
 28986 | Gauntlet | Found a transporter.
 28986 | Gauntlet | Found a transporter.
 29037 | Gauntlet | Found a transporter.
 29041 | Gauntlet | Found a transporter.
 29043 | Gauntlet | Found a transporter.
 29047 | Gauntlet | Found a transporter.
 29050 | Gauntlet | Found a transporter.
 29052 | Gauntlet | Found a transporter.
 29052 | Gauntlet | Found a transporter.
 29061 | Gauntlet | Found a transporter.
 29061 | Gauntlet | Found a transporter.
 29306 | Gauntlet | Identified the -5 cloak "Apson" {rF- Str+4 Dex+2}
 29398 | Gauntlet | Identified Bucim's Papyrus of Confrontation
 29398 | Gauntlet | Identified the +8 hand axe of Foul Odors {vorpal, Int+7}
 30385 | D:14     | Reached XP level 15. HP: 126/126 MP: 31/31
 31021 | D:14     | Identified Roxanne's Almanac of Transmutation
 31021 | D:14     | Noticed Roxanne
 31582 | D:14     | Found a gate to the Vaults.
 31642 | D:15     | Entered Level 15 of the Dungeon
 31743 | D:15     | Found Ritoem's General Store.
 31944 | D:15     | Found a staircase to the Depths.
 31944 | D:15     | Noticed Azrael
 31951 | D:15     | Killed Azrael
 32269 | D:15     | Found Sickanau's Book Shop.
 32277 | D:15     | Bought a book of Power for 720 gold pieces
 32285 | D:15     | Learned a level 7 spell: Orb of Destruction
 32408 | D:15     | Noticed Josephine
 32419 | D:15     | Killed Josephine
 32869 | Spider:1 | Entered Level 1 of the Spider Nest
 32869 | Spider:1 | Found a transporter.
 32870 | Spider:1 | Noticed EonDragon20's ghost (journeyman DEEE)
 32969 | Spider:1 | Reached skill level 13 in Conjurations
 34550 | Spider:1 | Found a transporter.
 34649 | Spider:1 | Reached XP level 16. HP: 134/134 MP: 26/34
 35043 | Spider:1 | Reached skill level 10 in Spellcasting
 35207 | Spider:1 | Learned a level 5 spell: Metabolic Englaciation
 35246 | Spider:1 | Identified the +3 ring mail of Follow the Leader {Int+4}
 35249 | Spider:1 | Identified the +10 hand axe of the Hungering Hero {drain,
                  | SInv Stlth+}
 37517 | Lair:1   | Killed rednaxela's ghost
 37518 | Lair:1   | Reached skill level 14 in Conjurations
 37725 | Lair:4   | Killed Ufefaer's ghost
 38095 | Spider:3 | Noticed Kirke
 38100 | Spider:3 | Killed Kirke
 39718 | Spider:4 | Entered Level 4 of the Spider Nest
 40457 | Spider:4 | Noticed Drazool's ghost (adept HOFi)
 41561 | Spider:4 | Found a runed translucent door.
 44430 | Spider:4 | Reached skill level 15 in Conjurations
 45278 | Spider:4 | Paralysed by a hornet for 2 turns
 45898 | Spider:4 | Reached XP level 17. HP: 80/140 MP: 1/36
 46871 | Spider:4 | Got a gossamer rune of Zot
 47230 | Vaults:1 | Entered Level 1 of the Vaults
 47548 | Vaults:1 | HP: 7/140 [orc knight/+0 great sword (15)]
 47824 | Vaults:1 | Cast into level 2 of the Abyss (a deep elf sorcerer)
 47966 | Abyss:2  | Reached skill level 15 in Ice Magic
 48167 | Abyss:2  | Paralysed by a great orb of eyes for 3 turns
 48548 | Abyss:2  | Noticed a tentacled monstrosity
 48720 | Vaults:1 | Escaped the Abyss
 48731 | Vaults:1 | Reached skill level 16 in Conjurations
 48734 | Vaults:1 | Killed from afar by an ice dragon

Illustrated notes

Levels and vault maps discovered:
D:1:      dpeg_arrival_stone_temple_mockup, layout_loops_ring
D:2:      minmay_wonky_spiral, layout_basic, chequers_ecumenical_altar_twisty
D:3:      layout_loops_ring
D:4:      gammafunk_cloud_chamber, layout_basic, marbit_many_paths,
          overflow_temple_1_default, uniq_duvessa
D:5:      layout_rooms, grunt_temple_overflow_open, grunt_decor_clamped,
          minmay_crystal_room, uniq_menkaure
D:6:      old_forge, layout_loops_ring, nicolae_yredelemnul_corpse_copse,
          minmay_temple_entry_mini_moons, serial_co_window_serial,
          co_window_paths_a, co_window_paths_a, co_window_cross_1,
          co_window_corner_a, co_window_corner_a, co_window_corner_cb,
          co_window_paths_c, co_window_corner_cb, co_window_of_opportunity_c,
          co_window_corner_cb, co_window_of_opportunity_c,
          hangedman_minor_gate_pass
D:7:      layout_rooms, nicolae_uskayaw_dance_studio, uniq_joseph
D:8:      layout_layer_cave, kennysheep_mini, kennysheep_mini_moat,
          hangedman_decor_growths
D:9:      layout_cross
D:10:     minmay_the_grid_triangle_9x9_rhombus_thin
          [minmay_the_grid_triangle_9x9_negative_grid,
          minmay_the_grid_triangle_9x9_prize_center,
          minmay_the_grid_triangle_9x9_cache,
          minmay_the_grid_triangle_9x9_thin_v], layout_long_grid,
          gammafunk_ghost_berserking_beasts, guppyfry_shop_venom
D:11:     layout_stronghold, uniq_urug
D:12:     evilmike_iron_armoury, layout_cave_pools, orc_0_dummy, serial_shops,
          shop
D:13:     layout_rooms, gauntlet_entry_generic, lemuel_altar_in_water
D:14:     layout_basic, david_vaults_5, nicolae_wu_jian_immortal_techniques,
          uniq_roxanne
D:15:     gammafunk_depths_entry_grave, layout_loops_ring, serial_park_square1
          [serial_park_minivault_5x5_6], serial_shops, shop, shop,
          tgw_lugonu_bribe, uniq_azrael, uniq_josephine
Lair:1:   layout_regular_city, ebering_ghost_inner_flame,
          infiniplex_staircase_pool
Lair:2:   beast_lair_carwin_large_2, layout_chaotic_city,
          palyth_hydra_swamp_entry, spider_nest_entry_webs
Lair:3:   nzn_winding_woodlands_cross [nzn_winding_woodlands_5x15_garden,
          nzn_winding_woodlands_5x15_parted, nzn_winding_woodlands_5x15_jagged,
          nzn_winding_woodlands_5x15_pathside_ponds,
          nzn_winding_woodlands_15x15_eel_pit], layout_hall_layers,
          minmay_shattered_shrine, lemuel_fruit_fields, lemuel_fruit_tree
Lair:4:   layout_regular_city, gammafunk_ghost_ooze
Lair:5:   layout_misc_corridors, roderic_carrion_pond
Lair:6:   evil_forest, layout_cave_pods, slime_altar_1, grunt_megastairs_2
Spider:1: spiders_nest_scorpion_pit, gammafunk_ghost_arena
Spider:2: layout_chambers
Spider:3: layout_spider_delve, drop_trap, uniq_kirke
Spider:4: grunt_spider_rune_parallel, gammafunk_ghost_grave
Orc:1:    layout_caves
Orc:2:    st_orc_mages, layout_caves, serial_shops, shop, kennysheep_orc_chapel
Vaults:1: gammafunk_vaults_ghost_fury_of_okawaru, vaults_mumra_hexcomb,
          nicolae_vaults_shelves_hall, nicolae_vaults_alarming,
          hangedman_vaults_cutoff, nicolae_vaults_stairing_the_circle,
          nicolae_vaults_little_squares_5, ontoclasm_vaults_idyll,
          vaults_dpeg_hooks, dpeg_vaults_monster_box, v_alt_pattern_2,
          layout_vaults_chaotic_city, serial_shops, shop

Skill      XL: |  1  2  3  4  5  6  7  8  9 10 11 12 13 14 15 16 17 |
---------------+----------------------------------------------------+-----
Conjurations   | 4 5 6 7 8 9 10 11 12 13 15 16 | 16.0
Dodging        | 3 5 7 8 |  8.4
Spellcasting   | 3 4 6 7 8 9 10 | 10.0
Fighting       | 3 4 7 9 10 | 10.0
Translocations | 2 4 5 |  5.0
Armour         | 3 9 10 11 | 11.0
Shields        | 4 |  4.0
Ice Magic      | 6 10 12 14 15 | 15.3
Air Magic      | 4 |  4.0
Stealth        | |  1.7

Action                   |  1- 3 |  4- 6 |  7- 9 | 10-12 | 13-15 | 16-18 || total
-------------------------+-------+-------+-------+-------+-------+-------++-------
Melee: Club              |    30 |       |       |       |       |       ||    30
       Mace              |       |    26 |    34 |       |       |       ||    60
       Rapier            |       |     3 |       |       |       |       ||     3
       Whip              |       |       |    84 |    70 |       |       ||   154
       Broad axe         |       |       |       |   257 |   849 |   348 ||  1454
 Cast: Magic Dart        |    60 |    37 |    85 |   137 |    70 |   182 ||   571
       Searing Ray       |     8 |    13 |    58 |    62 |    21 |    11 ||   173
       Iskenderun's Myst |       |       |    10 |    78 |   160 |   172 ||   420
       Mephitic Cloud    |       |       |       |    11 |    10 |     1 ||    22
       Hailstorm         |       |       |       |    68 |   117 |    65 ||   250
       Ozocubu's Armour  |       |       |       |     1 |     1 |     1 ||     3
       Freezing Cloud    |       |       |       |       |    17 |    64 ||    81
       Orb of Destructio |       |       |       |       |     1 |       ||     1
Evoke: Wand              |       |       |       |    13 |     5 |    14 ||    32
       Tin of tremorston |       |       |       |       |     2 |     3 ||     5
       Condenser vane    |       |       |       |       |     2 |     3 ||     5
  Use: Scroll            |       |       |    16 |     9 |    13 |     8 ||    46
       Potion            |       |       |       |     2 |     7 |     7 ||    16
 Stab: Sleeping          |     1 |       |     3 |       |     2 |       ||     6
       Distracted        |       |       |     1 |     2 |       |       ||     3
       Confused          |       |       |       |     1 |     1 |       ||     2
       Held in net/web   |       |       |       |       |     2 |       ||     2
       Petrified         |       |       |       |       |     1 |       ||     1
Armor: Robe              |     8 |    15 |    83 |    93 |       |       ||   199
       Steam dragon scal |       |       |       |    46 |       |       ||    46
       Ring mail         |       |       |       |   117 |    45 |       ||   162
       Skin              |       |       |       |     1 |       |       ||     1
       Fire dragon scale |       |       |       |       |   819 |   814 ||  1633
Dodge: Dodged            |    29 |    29 |   147 |   446 |   772 |   424 ||  1847
Block: Buckler           |       |       |       |    28 |   322 |   157 ||   507

Table legend: (Time is in decaauts)
 A = Elapsed time spent in this place.
 B = Non-inter-level travel time spent in this place.
 C = Inter-level travel time spent in this place.
 D = Time resting spent in this place.
 E = Time spent auto-exploring this place.
 F = Levels seen in this place.
 G = Mean time per level.
                   A        B        C        D        E       F      G
               +--------+--------+--------+--------+--------+-----+--------+
         Total |  49911 |  47656 |   2255 |  14280 |  25300 |  30 | 1663.7 |
       Dungeon |  21363 |  20221 |   1142 |   2567 |  13951 |  15 | 1424.2 |
          Lair |  10915 |  10342 |    573 |   2812 |   5899 |   6 | 1819.2 |
   Spider Nest |  12901 |  12484 |    417 |   7406 |   3512 |   4 | 3225.2 |
  Orcish Mines |   2681 |   2560 |    121 |    668 |   1311 |   2 | 1340.5 |
        Vaults |    618 |    618 |      0 |    226 |    299 |   1 |  618.0 |
         Abyss |   1004 |   1004 |      0 |    518 |    106 |   1 | 1004.0 |
      Gauntlet |    426 |    426 |      0 |     81 |    221 |   1 |  426.0 |
               +--------+--------+--------+--------+--------+-----+--------+

Top non-repeatable levels by time:
Spider:4: 6231 daAuts
Spider:2: 2686 daAuts
  Lair:2: 2585 daAuts
     D:8: 2571 daAuts
     D:6: 2441 daAuts
Spider:3: 2105 daAuts
    D:11: 1973 daAuts
  Lair:3: 1951 daAuts
  Lair:4: 1923 daAuts
  Lair:6: 1897 daAuts
Spider:1: 1877 daAuts
    D:14: 1739 daAuts
    D:10: 1591 daAuts
  Lair:1: 1461 daAuts
   Orc:1: 1391 daAuts
